 Dungeon Crawl Stone Soup version 0.29-a0-876-gfc89b1a5bd (webtiles) character file.

Game seed: 14079546219305995105

2654 kevlar127 the Grappler (level 9, -8/139 HPs)
             Began as a Troll Berserker on July 19, 2022.
             Was an Elder of Trog.
             Mangled by a gnoll
             ... wielding a +1 flail of holy wrath
             ... led by a gnoll sergeant
              (10 damage)
             ... on level 7 of the Dungeon.
             The game lasted 00:12:18 (5663 turns).

kevlar127 the Grappler (Troll Berserker)            Turns: 5663, Time: 00:12:19

Health: -8/139     AC:  4    Str: 31    XL:     9   Next: 36%
Magic:  8/8        EV: 10    Int:  3    God:    Trog [****..]
Gold:   355        SH:  0    Dex:  9    Spells: 8/8 levels left

rFire   . . .      SeeInvis .     - Unarmed
rCold   . . .      Faith    +   (no shield)
rNeg    . . .      Spirit   .   a - +0 animal skin
rPois   .          Reflect  .   (helmet restricted)
rElec   .          Harm     .   (no cloak)
rCorr   .          Rampage  .   (gloves unavailable)
Will    .....                   (boots unavailable)
Stlth   ..........              m - amulet of faith
HPRegen 1.13/turn               (no ring)
MPRegen 0.11/turn               (no ring)

@: berserking, very quick
A: large, unfitting armour, claws 3, regeneration 1, shaggy fur 1, tough skin 1
a: Renounce Religion, Berserk, Trog's Hand, Brothers in Arms


You were on level 7 of the Dungeon.
You worshipped Trog.
Trog was greatly pleased with you.
You visited 1 branch of the dungeon, and saw 7 of its levels.

You collected 498 gold pieces.
You spent 143 gold pieces at shops.

Inventory:

Missiles
 g - 56 stones
 l - 47 poisoned darts (quivered)
 r - a throwing net
 B - 2 boomerangs
 F - 3 boomerangs of dispersal
Armour
 a - a +0 animal skin (worn)
Jewellery
 m - an amulet of faith (around neck)
 y - an amulet of the acrobat
Wands
 n - a wand of quicksilver (9)
 C - a wand of iceblast (11)
 G - a wand of flame (4)
Scrolls
 b - 2 scrolls of magic mapping {unknown}
 d - 3 scrolls of vulnerability {unknown}
 f - 13 scrolls of identify
 h - 3 scrolls of poison {unknown}
 j - 3 scrolls of teleportation
 k - a scroll of fear
 o - a scroll of noise {unknown}
 p - a scroll of brand weapon {unknown}
 s - a scroll of acquirement {unknown}
 u - a scroll of enchant armour {unknown}
Potions
 c - a potion of flight {unknown}
 e - 3 potions of lignification {unknown}
 i - 5 potions of curing {unknown}
 q - a potion of haste {unknown}
 t - 2 potions of mutation {unknown}
 v - a potion of heal wounds {unknown}
 w - a potion of degeneration {unknown}
 x - 2 potions of attraction {unknown}
 z - a potion of magic {unknown}
 A - 2 potions of might {unknown}
 D - 2 potions of ambrosia {unknown}
 E - a potion of invisibility {unknown}


   Skills:
 + Level 7.0 Fighting
 + Level 5.6 Throwing
 - Level 3.0 Dodging
 + Level 8.3 Unarmed Combat


You had 8 spell levels left.
You didn't know any spells.
Your spell library was empty.

Dungeon Overview and Level Annotations

Branches:
Dungeon (7/15)             Temple (0/1) D:5

Altars:
Elyvilon

Shops:
D:1 !   D:3 ?=*   D:4 *


Innate Abilities, Weirdness & Mutations

You are too large for most types of armour.
You have claws for hands.
Your natural rate of healing is unusually fast.
You are covered in fur. (AC +1)
You have tough skin. (AC +1)


Message History

The yak gores you but does no damage.
A gnoll comes into view. It is wielding a +0 whip.
The yak gores you but does no damage.
The gnoll shouts!
You mangle the yak!!
You kill the yak!
Trog accepts your kill.
You hear a shout!
Your Fighting skill increases to level 7!
You barely miss the yak.
The yak is lightly wounded.
The yak gores you but does no damage.
A gnoll comes into view. It is wielding a +0 club.
The gnoll closely misses you.
You mangle the yak!!
The yak is severely wounded.
You barely miss the orc. The yak gores you. The gnoll barely misses you.
The orc hits you with a +0 whip.
* * * LOW HITPOINT WARNING * * *
Unknown command.
You closely miss the orc. You barely miss the orc. The yak gores you!
* * * LOW HITPOINT WARNING * * *
The gnoll sergeant hits you from afar with a +0 spear!
* * * LOW HITPOINT WARNING * * *
The gnoll hits you with a +0 flail.
* * * LOW HITPOINT WARNING * * *
The orc closely misses you.
You scratch the orc.
The orc is lightly wounded.
You claw the orc!
You kill the orc!
Trog accepts your kill. The yak gores you!
* * * LOW HITPOINT WARNING * * *
The gnoll hits you with a +0 flail!
* * * LOW HITPOINT WARNING * * *
The gnoll sergeant barely misses you.
The gnoll hits you with a +1 flail of holy wrath!
You die...

......... ##..## ......... ...#
#...## #...#### ... ##...## .
#..## #.g# #....###.. #...#
#... ##........ #...# #g.#
#........ ##..# #.g.##
##†...##.. #..# #.gg####...###
. #..# #..@##....## #..##
##.nY....## #...# #.....###
##...## #....## #.....##
##...## . .......## ##.....##
##..
........######.....).######....
...............................
...##..........##..............


You could see a yak, a necrophage, a gnoll sergeant and 4 gnolls.

Vanquished Creatures
  2 yaks (D:7)
  A steam dragon (D:7)
  Duvessa (D:7)
  2 orc warriors
  A black bear (D:5)
  A centaur (D:7)
  2 ogres
  A phantom (D:5)
  4 kobold brigands
  2 necrophages
  2 bullfrogs
  A scorpion (D:5)
  Dowan (D:7)
  A howler monkey (D:6)
  5 hounds
  3 orc priests
  2 gnoll boudas
  2 jellies (D:5)
  3 iguanas
  An orc wizard (D:5)
  19 gnolls
  8 adders
  A shadow imp (D:6)
  2 white imps
  An ufetubus (D:6)
  3 worms
  3 dart slugs (D:1)
  13 orcs
  5 bats
  5 endoplasms
  3 giant cockroaches
  11 goblins
  6 hobgoblins
  7 jackals (D:2)
  6 quokkas
  6 ball pythons
  2 frilled lizards (D:2)
  21 kobolds
  4 rats
164 creatures vanquished.

Vanquished Creatures (others)
  3 plants (D:5)
3 creatures vanquished.

Grand Total: 167 creatures vanquished

Notes
Turn   | Place    | Note
-------+----------+-------------------------------------------
     0 | D:1      | kevlar127 the Troll Berserker began the quest for the Orb.
     0 | D:1      | Reached XP level 1. HP: 22/22 MP: 0/0
    79 | D:1      | Reached XP level 2. HP: 29/29 MP: 1/1
    80 | D:1      | Found Tapu's Distillery.
    82 | D:1      | Found a faded altar of an unknown god.
   440 | D:1      | Upgraded the game from 0.29-a0-872-g797fff5ad1 to
                  | 0.29-a0-876-gfc89b1a5bd
   498 | D:2      | Reached XP level 3. HP: 36/36 MP: 2/2
   649 | D:2      | Reached ** piety under Trog
   787 | D:2      | Reached XP level 4. HP: 45/45 MP: 3/3
  1218 | D:3      | Found Ehoibiun's Magic Scroll Shop.
  1233 | D:3      | Bought a scroll of fear for 44 gold pieces
  1233 | D:3      | Bought a scroll of identify for 22 gold pieces
  1233 | D:3      | Bought a scroll of identify for 22 gold pieces
  1233 | D:3      | Bought a scroll of identify for 22 gold pieces
  1233 | D:3      | Bought a scroll of teleportation for 33 gold pieces
  1257 | D:3      | Found a white marble altar of Elyvilon.
  1258 | D:3      | Found Eloozxurgh's Jewellery Emporium.
  1270 | D:3      | Reached skill level 4 in Unarmed Combat
  1443 | D:3      | Reached XP level 5. HP: 53/53 MP: 4/4
  1574 | D:3      | Found Kium's Assorted Antiques.
  2245 | D:4      | Found Rouschogi's Assorted Antiques.
  2256 | D:4      | Reached *** piety under Trog
  2272 | D:4      | Reached skill level 5 in Unarmed Combat
  2275 | D:4      | Reached XP level 6. HP: 37/62 MP: 5/5
  2863 | D:5      | Entered Level 5 of the Dungeon
  2881 | D:5      | Reached skill level 1 in Throwing
  3171 | D:5      | Reached XP level 7. HP: 51/71 MP: 6/6
  3196 | D:5      | Found a staircase to the Ecumenical Temple.
  3283 | D:5      | Reached skill level 5 in Fighting
  3283 | D:5      | Reached skill level 6 in Unarmed Combat
  3703 | D:5      | Reached XP level 8. HP: 43/81 MP: 7/7
  4167 | D:6      | Reached skill level 7 in Unarmed Combat
  4172 | D:6      | Reached **** piety under Trog
  4677 | D:7      | Reached XP level 9. HP: 58/92 MP: 8/8
  5054 | D:7      | Reached skill level 5 in Throwing
  5181 | D:7      | Noticed Duvessa
  5190 | D:7      | Killed Duvessa
  5191 | D:7      | Noticed Dowan
  5194 | D:7      | Killed Dowan
  5195 | D:7      | Reached skill level 8 in Unarmed Combat
  5663 | D:7      | HP: 2/139 [gnoll/+0 flail[a gnoll sergeant] (9)]
  5663 | D:7      | Mangled by a gnoll

Illustrated notes

Levels and vault maps discovered:
D:1:      sevenhm_arrival_forest_fort_large_4, layout_rooms, serial_shops, shop,
          ebering_ecumenical_altar_sacrificial
D:2:      layout_loops_ring, st_stairs_6
D:3:      layout_basic, lemuel_crystal_altar, serial_shops, shop, shop,
          shop_coins, minmay_misc_feat_alley, minmay_misc_feat_columns
D:4:      layout_cave_pools, serial_shops, nicolae_take_the_stairs,
          due_unseen_surprise
D:5:      layout_cave_pools, minmay_temple_entry_gardened_gates
D:6:      layout_rooms
D:7:      layout_layer_cave, uniq_duvessa

Skill      XL: |  1  2  3  4  5  6  7  8  9 |
---------------+----------------------------+-----
Dodging        | 3 |  3.0
Fighting       | 3 4 5 6 7 |  7.0
Unarmed Combat | 4 5 6 7 8 |  8.3
Throwing       | 1 3 4 5 |  5.6

Action                   |  1- 3 |  4- 6 |  7- 9 || total
-------------------------+-------+-------+-------++-------
Melee: Unarmed           |    89 |   158 |   210 ||   457
       Punch             |       |     3 |     7 ||    10
Throw: Dart              |       |       |     6 ||     6
Invok: Berserk           |       |     3 |     3 ||     6
 Stab: Sleeping          |       |     1 |       ||     1
Armor: Animal skin       |    27 |    21 |    59 ||   107
Dodge: Dodged            |    37 |    73 |   100 ||   210

Table legend: (Time is in decaauts)
 A = Elapsed time spent in this place.
 B = Non-inter-level travel time spent in this place.
 C = Inter-level travel time spent in this place.
 D = Time resting spent in this place.
 E = Time spent auto-exploring this place.
 F = Levels seen in this place.
 G = Mean time per level.
                   A        B        C        D        E       F      G
               +--------+--------+--------+--------+--------+-----+--------+
         Total |   5670 |   5341 |    329 |   1132 |   3303 |   7 |  810.0 |
       Dungeon |   5670 |   5341 |    329 |   1132 |   3303 |   7 |  810.0 |
               +--------+--------+--------+--------+--------+-----+--------+

Top non-repeatable levels by time:
     D:7: 1220 daAuts
     D:5: 1119 daAuts
     D:4: 855 daAuts
     D:3: 814 daAuts
     D:2: 724 daAuts
     D:1: 486 daAuts
     D:6: 449 daAuts
